WCHLSIM.com - West Coast Hockey League
html PUBLIC "-//W3C//DTD XHTML 1.0 Transitional//EN" "http://www.w3.org/TR/xhtml1/DTD/xhtml1-transitional.dtd"> WCHL - Game 479 - BOISE CARIBOUS vs EDMONTON ICE

BOISE CARIBOUS vs EDMONTON ICE

Created - 20 décembre 2023 at 21:41

Goals
1 2 3 OT1 T
BOISE CARIBOUS 1 2 1 0 4
EDMONTON ICE 2 1 1 1 5
Shots
1 2 3 OT1 T
BOISE CARIBOUS 9 11 9 4 33
EDMONTON ICE 10 11 11 2 34

1st period

1. BOISE CARIBOUS , Gabriel Vilardi 5 (Moritz Seider 16) at 3:42
2. EDMONTON ICE , Dawson Mercer 9 (Anthony Mantha 7, Anthony Beauvillier 9) at 9:07
3. EDMONTON ICE , Scott Laughton 13 (Thomas Novak 5) at 16:46

Penalties :
Michael Matheson (EDM) for Interference (Minor) at 9:24

2nd period

4. BOISE CARIBOUS , Nick Schmaltz 13 (Artturi Lehkonen 21, Jean-Gabriel Pageau 17) at 0:12
5. BOISE CARIBOUS , Vincent Trocheck 12 (Rasmus Dahlin 20) at 5:36
6. EDMONTON ICE , Jack Eichel 17 (Gustav Nyquist 11) at 6:40

Penalties :
Rasmus Dahlin (BOI) for Slashing (Minor) at 13:02, Troy Stecher (BOI) for Roughing (Minor) at 17:14

3rd period

7. BOISE CARIBOUS , Nick Schmaltz 14 (Artturi Lehkonen 22, Troy Stecher 2) at 17:49
8. EDMONTON ICE , Jack Eichel 18 (Alex Tuch 23, Dawson Mercer 9) at 19:40

Penalties :
Ryan Graves (EDM) for Roughing (Minor) at 5:37, Joshua Mahura (EDM) for Slashing (Minor) at 7:47, Alex Tuch (EDM) for Hooking (Minor) at 11:43

Overtime #1

9. EDMONTON ICE , Alex Tuch 16 (Jack Eichel 22, Shea Theodore 12) at 2:52

Penalties :
No Penalty

Goalie Stats

Brian Elliott (BOI), 29 saves from 34 shots - (0,853), OTL, 3-1-1, 62:53 minutes
Vitek Vanecek (EDM), 29 saves from 33 shots - (0,879), W, 19-7-4, 62:43 minutes

Players Stats for BOISE CARIBOUS

Player Name              G  A  P  +/- PIM S  H  SB GA TA FO     MP     PP MP  PK MP  
------------------------------------------------------------------------------------
Artturi Lehkonen         0  2  2   0  0   1  0  1  0  0  0/0    21:37   3:41   2:03 
Charlie Coyle            0  0  0   0  0   0  0  0  0  0  8/11   13:12   0:00   1:55 
Dylan DeMelo             0  0  0  -1  0   1  1  1  0  0  0/0    16:38   0:38   1:34 
Gabriel Vilardi          1  0  1   1  0   2  0  0  0  0  1/1     9:50   0:00   0:00 
Jean-Gabriel Pageau      0  1  1   0  0   1  3  0  0  0  17/28  20:55   4:25   2:03 
Jesperi Kotkaniemi       0  0  0   0  0   0  1  0  0  0  6/9     9:08   0:30   0:00 
Kaapo Kakko              0  0  0   0  0   2  0  0  0  0  0/0     8:38   0:00   0:00 
Kirill Marchenko         0  0  0   0  0   0  0  1  0  0  0/0    10:04   1:26   0:00 
Lawson Crouse            0  0  0   1  0   3  2  0  0  0  0/3    16:18   4:33   1:55 
Marcus Pettersson        0  0  0   1  0   0  1  1  0  0  0/0    17:40   0:00   0:38 
Matt Duchene             0  0  0  -1  0   2  0  0  0  0  1/1    18:56   3:45   0:00 
Moritz Seider            0  1  1   0  0   1  0  2  0  0  0/0    23:13   3:37   2:04 
Nick Schmaltz            2  0  2   1  0   6  0  0  0  0  0/1    17:20   3:23   0:00 
Rasmus Andersson         0  0  0   1  0   2  0  1  0  0  0/0    23:24   4:15   2:04 
Rasmus Dahlin            0  1  1  -1  2   0  1  1  0  0  0/0    23:01   3:41   0:47 
Tim Stutzle              0  0  0  -3  0   7  0  1  0  0  3/5    20:30   2:53   0:00 
Troy Stecher             0  1  1  -1  2   0  1  0  0  0  0/0    15:14   0:00   0:49 
Vincent Trocheck         1  0  1  -1  0   5  4  0  0  0  13/22  19:01   2:53   0:00 

Players Stats for EDMONTON ICE

Player Name              G  A  P  +/- PIM S  H  SB GA TA FO     MP     PP MP  PK MP  
------------------------------------------------------------------------------------
Alex Tuch                1  1  2   1  2   6  0  0  0  0  2/2    21:15   1:46   0:00 
Anthony Beauvillier      0  1  1  -1  0   3  1  0  0  0  0/0    16:20   1:46   0:00 
Anthony Mantha           0  1  1   1  0   1  0  0  0  0  0/1    10:28   0:00   0:13 
Anton Lundell            0  0  0  -2  0   0  0  0  0  0  9/16    9:13   0:00   4:54 
Dawson Mercer            1  1  2   2  0   6  0  0  0  0  4/12   13:36   2:12   0:39 
Evgeny Dadonov           0  0  0   1  0   1  0  0  0  0  0/0    18:40   0:00   2:39 
Gustav Nyquist           0  1  1  -1  0   0  1  0  0  0  0/1    20:07   2:12   0:00 
Jack Eichel              2  1  3   1  0   8  0  0  0  0  8/26   21:16   1:46   0:00 
Jarred Tinordi           0  0  0   0  0   1  2  1  0  0  0/0    15:52   0:00   3:34 
Joshua Mahura            0  0  0   1  2   0  0  0  0  0  0/0     5:39   0:00   0:13 
Justin Barron            0  0  0   1  0   0  1  1  0  0  0/0    15:46   1:54   0:00 
Michael Matheson         0  0  0  -1  2   1  0  3  0  0  0/0    23:14   2:04   3:05 
Ryan Graves              0  0  0   0  2   1  3  2  0  0  0/0    23:21   1:54   3:09 
Scott Laughton           1  0  1   1  0   2  2  1  0  0  3/4    21:46   2:12   2:39 
Shea Theodore            0  1  1   0  0   0  1  3  0  0  0/0    22:21   2:04   1:32 
Tanner Jeannot           0  0  0  -2  0   0  2  0  0  0  1/2     9:07   0:00   4:48 
Thomas Novak             0  1  1   1  0   3  0  0  0  0  5/17   16:01   0:00   0:00 
Zach Whitecloud          0  0  0   0  0   1  0  2  0  0  0/0    16:37   0:00   4:19 

3 Stars

1 - Jack Eichel (EDM)
2 - Nick Schmaltz (BOI)
3 - Dawson Mercer (EDM)

Power Play

BOISE CARIBOUS - 0 on 4 Attempt(s) - 0,00%
EDMONTON ICE - 0 on 2 Attempt(s) - 0,00%

Penalty Kill

BOISE CARIBOUS - 2 on 2 Attempt(s) - 100,00% - Score 0 goal in Penalty Kill
EDMONTON ICE - 4 on 4 Attempt(s) - 100,00% - Score 0 goal in Penalty Kill

Team Stat

BOISE CARIBOUS - Hits : 14 - Faceoff Wins : 49 - Blocked Shots : 9 - Penalty Minutes : 4
EDMONTON ICE - Hits : 13 - Faceoff Wins : 32 - Blocked Shots : 13 - Penalty Minutes : 8

Official

Referees : Mike Duco and Troy Paterson
Linesman : Matt MacPherson and Tyson Baker

Game Notes

No Game Note

Finance

Level 1 -- Attendance: 4149 (69,15%) -- Ticket Income 871 290 $
Level 2 -- Attendance: 4248 (84,96%) -- Ticket Income 594 720 $
Level 3 -- Attendance: 1927 (96,35%) -- Ticket Income 211 970 $
Level 4 -- Attendance: 3229 (53,82%) -- Ticket Income 274 465 $
Luxury Box -- Attendance: 739 (73,90%) -- Ticket Income 277 125 $
Total Attendance: 14292 (71,46%)
Total Ticket Income: 2 229 570 $
Other Expense: 22 296 $
Total Income: 2 207 274 $

BOISE CARIBOUS

5 vs 5 Forward 
   Center                   Left Wing                Right Wing               Time % Phy DF OF 
 1 Vincent Trocheck         Tim Stutzle              Matt Duchene             34     0   2  3  
 2 Jean-Gabriel Pageau      Artturi Lehkonen         Nick Schmaltz            32     1   2  2  
 3 Charlie Coyle            Lawson Crouse            Gabriel Vilardi          24     1   2  2  
 4 Jesperi Kotkaniemi       Kirill Marchenko         Kaapo Kakko              10     1   2  2  

5 vs 5 Defense 
   Defense                  Defense                                           Time % Phy DF OF 
 1 Rasmus Dahlin            Rasmus Andersson                                  36     1   2  2  
 2 Marcus Pettersson        Moritz Seider                                     36     1   2  2  
 3 Troy Stecher             Dylan DeMelo                                      28     1   3  1  
 4 Troy Stecher             Dylan DeMelo                                      0      0   5  0  

PowerPlay Forward 
   Center                   Left Wing                Right Wing               Time % Phy DF OF 
 1 Vincent Trocheck         Tim Stutzle              Nick Schmaltz            55     0   1  4  
 2 Jean-Gabriel Pageau      Lawson Crouse            Matt Duchene             45     0   1  4  

PowerPlay Defense
   Defense                  Defense                                           Time % Phy DF OF 
 1 Rasmus Dahlin            Artturi Lehkonen                                  55     0   1  4  
 2 Rasmus Andersson         Moritz Seider                                     45     0   2  3  

Penalty Kill 4 Players Forward 
   Center                   Wing                     Time % Phy DF OF 
 1 Charlie Coyle            Lawson Crouse            50     0   4  1  
 2 Jean-Gabriel Pageau      Artturi Lehkonen         50     0   4  1  

Penalty Kill 4 Players Defense
   Defense                  Defense                  Time % Phy DF OF 
 1 Moritz Seider            Rasmus Andersson         55     1   4  0  
 2 Rasmus Dahlin            Dylan DeMelo             45     1   3  1  

Penalty Kill - 3 Players Forward 
   Forward                                           Time % Phy DF OF 
 1 Jesperi Kotkaniemi                                55     1   2  2  
 2 Kaapo Kakko                                       45     1   2  2  

Penalty Kill - 3 Players Defense
   Defense                  Defense                  Time % Phy DF OF 
 1 Marcus Pettersson        Troy Stecher             55     1   2  2  
 2 Rasmus Andersson         Moritz Seider            45     1   2  2  

4 vs 4 Forward 
   Center                   Wing                     Time % Phy DF OF 
 1 Jesperi Kotkaniemi       Tim Stutzle              55     1   2  2  
 2 Charlie Coyle            Gabriel Vilardi          45     1   2  2  

4 vs 4 Defense
   Defense                  Defense                  Time % Phy DF OF 
 1 Rasmus Dahlin            Rasmus Andersson         55     1   2  2  
 2 Dylan DeMelo             Marcus Pettersson        45     1   2  2  

Last Minutes Offensive
   Center                   Left Wing                Right Wing               Defense                  Defense                  
   Vincent Trocheck         Tim Stutzle              Artturi Lehkonen         Rasmus Dahlin            Rasmus Andersson         

Last Minutes Defensive
   Center                   Left Wing                Right Wing               Defense                  Defense                  
   Jean-Gabriel Pageau      Tim Stutzle              Charlie Coyle            Rasmus Dahlin            Moritz Seider            

Goaltenders
Starting : Brian Elliott            
Backup : Ilya Sorokin             

Extra Forwards
Normal : Matt Duchene, Gabriel Vilardi, Kirill Marchenko - PP : Kirill Marchenko, Tim Stutzle - PK : Lawson Crouse
Extra Defensemen
Normal : Dylan DeMelo, Troy Stecher, Moritz Seider - PP : Dylan DeMelo - PK : Troy Stecher, Marcus Pettersson
Penalty Shots
Tim Stutzle, Artturi Lehkonen, Vincent Trocheck, Nick Schmaltz, Matt Duchene
Custom OT Lines Forwards
Tim Stutzle, Artturi Lehkonen, Vincent Trocheck, Charlie Coyle, Kaapo Kakko, Nick Schmaltz, Matt Duchene, Lawson Crouse, Gabriel Vilardi, Jesperi Kotkaniemi
Custom OT Lines Defensemen
Rasmus Dahlin, Rasmus Andersson, Moritz Seider, Marcus Pettersson, Dylan DeMelo

Scratches
None

EDMONTON ICE

5 vs 5 Forward 
   Center                   Left Wing                Right Wing               Time % Phy DF OF 
 1 Jack Eichel              Gustav Nyquist           Alex Tuch                36     0   2  3  
 2 Thomas Novak             Scott Laughton           Evgeny Dadonov           33     1   2  2  
 3 Dawson Mercer            Anthony Beauvillier      Anthony Mantha           24     1   3  1  
 4 Anton Lundell            Anthony Beauvillier      Tanner Jeannot           7      0   3  2  

5 vs 5 Defense 
   Defense                  Defense                                           Time % Phy DF OF 
 1 Shea Theodore            Michael Matheson                                  37     1   2  2  
 2 Justin Barron            Ryan Graves                                       32     0   3  2  
 3 Zach Whitecloud          Jarred Tinordi                                    23     0   4  1  
 4 Ryan Graves              Joshua Mahura                                     8      0   3  2  

PowerPlay Forward 
   Center                   Left Wing                Right Wing               Time % Phy DF OF 
 1 Jack Eichel              Anthony Beauvillier      Alex Tuch                60     1   2  2  
 2 Dawson Mercer            Scott Laughton           Gustav Nyquist           40     1   2  2  

PowerPlay Defense
   Defense                  Defense                                           Time % Phy DF OF 
 1 Shea Theodore            Michael Matheson                                  60     0   2  3  
 2 Ryan Graves              Justin Barron                                     40     0   2  3  

Penalty Kill 4 Players Forward 
   Center                   Wing                     Time % Phy DF OF 
 1 Anton Lundell            Tanner Jeannot           60     0   5  0  
 2 Scott Laughton           Evgeny Dadonov           40     0   5  0  

Penalty Kill 4 Players Defense
   Defense                  Defense                  Time % Phy DF OF 
 1 Michael Matheson         Zach Whitecloud          60     0   5  0  
 2 Jarred Tinordi           Ryan Graves              40     0   5  0  

Penalty Kill - 3 Players Forward 
   Forward                                           Time % Phy DF OF 
 1 Anton Lundell                                     55     0   4  1  
 2 Thomas Novak                                      45     0   4  1  

Penalty Kill - 3 Players Defense
   Defense                  Defense                  Time % Phy DF OF 
 1 Zach Whitecloud          Ryan Graves              55     0   5  0  
 2 Michael Matheson         Jarred Tinordi           45     0   5  0  

4 vs 4 Forward 
   Center                   Wing                     Time % Phy DF OF 
 1 Dawson Mercer            Gustav Nyquist           55     1   2  2  
 2 Thomas Novak             Evgeny Dadonov           45     1   2  2  

4 vs 4 Defense
   Defense                  Defense                  Time % Phy DF OF 
 1 Shea Theodore            Michael Matheson         55     1   2  2  
 2 Zach Whitecloud          Justin Barron            45     1   2  2  

Last Minutes Offensive
   Center                   Left Wing                Right Wing               Defense                  Defense                  
   Jack Eichel              Scott Laughton           Alex Tuch                Shea Theodore            Michael Matheson         

Last Minutes Defensive
   Center                   Left Wing                Right Wing               Defense                  Defense                  
   Scott Laughton           Gustav Nyquist           Alex Tuch                Shea Theodore            Michael Matheson         

Goaltenders
Starting : Vitek Vanecek            
Backup : Jonathan Quick           

Extra Forwards
Normal : Dawson Mercer, Anthony Beauvillier, Anton Lundell - PP : Thomas Novak, Dawson Mercer - PK : Dawson Mercer
Extra Defensemen
Normal : Shea Theodore, Justin Barron, Ryan Graves - PP : Justin Barron - PK : Ryan Graves, Shea Theodore
Penalty Shots
Alex Tuch, Jack Eichel, Thomas Novak, Dawson Mercer, Gustav Nyquist
Custom OT Lines Forwards
Alex Tuch, Jack Eichel, Scott Laughton, Gustav Nyquist, Dawson Mercer, Thomas Novak, Anthony Beauvillier, Anton Lundell, Evgeny Dadonov, Anthony Mantha
Custom OT Lines Defensemen
Shea Theodore, Michael Matheson, Ryan Graves, Zach Whitecloud, Justin Barron

Scratches
Austin Watson (Healthy), Jonas Brodin (Strained Right Elbow Injury)

% Time on Ice - BOISE CARIBOUS

Lines # - Real PCT - Wanted PCT - Time Play
Normal Forward
1 - 32% - 34% - 15:11
2 - 29% - 32% - 13:57
3 - 21% - 24% - 9:50
4 - 18% - 10% - 8:38
Normal Defense
1 - 34% - 36% - 16:08
2 - 36% - 36% - 17:02
3 - 30% - 28% - 14:26
4 - 0% - 0% - 0:00
PP Forward
1 - 43% - 55% - 3:23
2 - 57% - 45% - 4:33
PP Defense
1 - 46% - 55% - 3:41
2 - 54% - 45% - 4:15
PK Forward
1 - 48% - 50% - 1:55
2 - 52% - 50% - 2:03
PK Defense
1 - 52% - 55% - 2:04
2 - 48% - 45% - 1:54
PK3 Forward
1 - 0% - 55%
2 - 0% - 45%
PK3 Defense
1 - 0% - 55%
2 - 0% - 45%
44 Forward
1 - 0% - 55%
2 - 0% - 45%
44 Defense
1 - 0% - 55%
2 - 0% - 45%
Last Minute Offensive  - 0:00
Last Minute Defensive  - 0:30
Total
Forward - 60:00
Defense - 60:00

% Time on Ice - EDMONTON ICE

Lines # - Real PCT - Wanted PCT - Time Play
Normal Forward
1 - 36% - 36% - 17:01
2 - 34% - 33% - 16:01
3 - 22% - 24% - 10:15
4 - 9% - 7% - 4:19
Normal Defense
1 - 36% - 37% - 16:59
2 - 28% - 32% - 13:22
3 - 26% - 23% - 12:18
4 - 10% - 8% - 4:57
PP Forward
1 - 45% - 60% - 1:46
2 - 55% - 40% - 2:12
PP Defense
1 - 52% - 60% - 2:04
2 - 48% - 40% - 1:54
PK Forward
1 - 67% - 60% - 5:17
2 - 33% - 40% - 2:39
PK Defense
1 - 54% - 60% - 4:19
2 - 46% - 40% - 3:37
PK3 Forward
1 - 0% - 55%
2 - 0% - 45%
PK3 Defense
1 - 0% - 55%
2 - 0% - 45%
44 Forward
1 - 0% - 55%
2 - 0% - 45%
44 Defense
1 - 0% - 55%
2 - 0% - 45%
Last Minute Offensive  - 0:30
Last Minute Defensive  - 0:00
Total
Forward - 60:00
Defense - 60:00

Play-by-Play

1st period


0:01 of 1st period - Jack Eichel wins face-off versus Vincent Trocheck in neutral zone.
1:09 of 1st period - Shot by Evgeny Dadonov.
1:09 of 1st period - Stopped by Brian Elliott with a rebound.
1:11 of 1st period - Shot by Scott Laughton.
1:11 of 1st period - Shot Misses the Net.
1:23 of 1st period - Shot by Thomas Novak.
1:23 of 1st period - Stopped by Brian Elliott with a rebound.
2:41 of 1st period - Shot by Artturi Lehkonen.
2:41 of 1st period - Shot Misses the Net.
2:50 of 1st period - Off-side.
2:51 of 1st period - Charlie Coyle wins face-off versus Jack Eichel in neutral zone.
3:11 of 1st period - Shot by Alex Tuch.
3:11 of 1st period - Stopped by Brian Elliott without a rebound.
3:12 of 1st period - Jesperi Kotkaniemi wins face-off versus Thomas Novak in BOISE CARIBOUS zone.
3:17 of 1st period - Ryan Graves is hit by Jesperi Kotkaniemi and loses puck.
3:32 of 1st period - Shot by Kaapo Kakko.
3:32 of 1st period - Stopped by Vitek Vanecek without a rebound.
3:33 of 1st period - Jack Eichel wins face-off versus Lawson Crouse in EDMONTON ICE zone.
3:42 of 1st period - Shot by Gabriel Vilardi.
3:42 of 1st period - Goal by Gabriel Vilardi - BOISE CARIBOUS : 1 - EDMONTON ICE : 0.
3:43 of 1st period - Anton Lundell wins face-off versus Jean-Gabriel Pageau in neutral zone.
3:56 of 1st period - Off-side.
3:57 of 1st period - Scott Laughton wins face-off versus Charlie Coyle in neutral zone.
4:23 of 1st period - Icing by Thomas Novak.
4:24 of 1st period - Jean-Gabriel Pageau wins face-off versus Thomas Novak in EDMONTON ICE zone.
4:26 of 1st period - Nick Schmaltz is hit by Shea Theodore and loses puck.
4:55 of 1st period - Icing by Jean-Gabriel Pageau.
4:56 of 1st period - Jack Eichel wins face-off versus Jean-Gabriel Pageau in BOISE CARIBOUS zone.
4:57 of 1st period - Shot by Alex Tuch.
4:57 of 1st period - Shot Misses the Net.
5:08 of 1st period - Shot by Jack Eichel.
5:08 of 1st period - Stopped by Brian Elliott without a rebound.
5:09 of 1st period - Dawson Mercer wins face-off versus Lawson Crouse in BOISE CARIBOUS zone.
5:12 of 1st period - Shot by Dawson Mercer.
5:12 of 1st period - Stopped by Brian Elliott with a rebound.
5:34 of 1st period - Shot by Charlie Coyle.
5:34 of 1st period - Shot Misses the Net.
5:53 of 1st period - Icing by Charlie Coyle.
5:54 of 1st period - Charlie Coyle wins face-off versus Jack Eichel in BOISE CARIBOUS zone.
6:09 of 1st period - Icing by Ryan Graves.
6:10 of 1st period - Alex Tuch wins face-off versus Jesperi Kotkaniemi in EDMONTON ICE zone.
6:31 of 1st period - Shot by Jack Eichel.
6:31 of 1st period - Shot Blocked by Rasmus Andersson.
7:23 of 1st period - Shot by Michael Matheson.
7:23 of 1st period - Shot Misses the Net.
8:52 of 1st period - Matt Duchene is hit by Ryan Graves and loses puck.
9:01 of 1st period - Shot by Dawson Mercer.
9:01 of 1st period - Shot Misses the Net.
9:03 of 1st period - Shot by Ryan Graves.
9:03 of 1st period - Deflect By Anthony Beauvillier.
9:03 of 1st period - Stopped by Brian Elliott with a rebound.
9:05 of 1st period - Shot by Anthony Mantha.
9:05 of 1st period - Shot Blocked by Tim Stutzle.
9:07 of 1st period - Shot by Dawson Mercer.
9:07 of 1st period - Goal by Dawson Mercer - BOISE CARIBOUS : 1 - EDMONTON ICE : 1.
9:08 of 1st period - Jean-Gabriel Pageau wins face-off versus Jack Eichel in neutral zone.
9:13 of 1st period - Shot by Nick Schmaltz.
9:13 of 1st period - Stopped by Vitek Vanecek with a rebound.
9:15 of 1st period - Shot by Rasmus Dahlin.
9:15 of 1st period - Shot Blocked by Shea Theodore.
9:19 of 1st period - Shot by Artturi Lehkonen.
9:19 of 1st period - Shot Misses the Net.
9:24 of 1st period - Minor Penalty to Michael Matheson for Interference.
9:25 of 1st period - Anton Lundell wins face-off versus Jean-Gabriel Pageau in EDMONTON ICE zone.
9:38 of 1st period - Shot by Lawson Crouse.
9:38 of 1st period - Shot Blocked by Ryan Graves.
9:54 of 1st period - Shot by Artturi Lehkonen.
9:54 of 1st period - Shot Misses the Net.
10:26 of 1st period - Shot by Rasmus Andersson.
10:26 of 1st period - Shot Misses the Net.
10:42 of 1st period - Shot by Rasmus Andersson.
10:42 of 1st period - Stopped by Vitek Vanecek without a rebound.
10:43 of 1st period - Vincent Trocheck wins face-off versus Anton Lundell in EDMONTON ICE zone.
10:53 of 1st period - Shot by Tim Stutzle.
10:53 of 1st period - Stopped by Vitek Vanecek without a rebound.
10:54 of 1st period - Tanner Jeannot wins face-off versus Jean-Gabriel Pageau in EDMONTON ICE zone.
11:05 of 1st period - Tanner Jeannot is hit by Jean-Gabriel Pageau and loses puck.
11:45 of 1st period - Shot by Alex Tuch.
11:45 of 1st period - Stopped by Brian Elliott without a rebound.
11:46 of 1st period - Jean-Gabriel Pageau wins face-off versus Thomas Novak in BOISE CARIBOUS zone.
11:50 of 1st period - Rasmus Dahlin is hit by Ryan Graves and loses puck.
12:38 of 1st period - Jack Eichel is hit by Jean-Gabriel Pageau and loses puck.
13:01 of 1st period - Shot by Kaapo Kakko.
13:01 of 1st period - Shot Misses the Net.
13:03 of 1st period - Shot by Troy Stecher.
13:03 of 1st period - Shot Misses the Net.
13:05 of 1st period - Shot by Dylan DeMelo.
13:05 of 1st period - Stopped by Vitek Vanecek without a rebound.
13:06 of 1st period - Dawson Mercer wins face-off versus Charlie Coyle in EDMONTON ICE zone.
13:06 of 1st period - Dawson Mercer is hit by Lawson Crouse.
13:16 of 1st period - Shot by Anthony Mantha.
13:16 of 1st period - Stopped by Brian Elliott without a rebound.
13:17 of 1st period - Vincent Trocheck wins face-off versus Anton Lundell in BOISE CARIBOUS zone.
13:17 of 1st period - Vincent Trocheck is hit by Tanner Jeannot.
13:20 of 1st period - Icing by Tim Stutzle.
13:21 of 1st period - Dawson Mercer wins face-off versus Vincent Trocheck in BOISE CARIBOUS zone.
13:26 of 1st period - Shot by Anthony Beauvillier.
13:26 of 1st period - Shot Blocked by Dylan DeMelo.
13:54 of 1st period - Troy Stecher is hit by Anthony Beauvillier and loses puck.
15:03 of 1st period - Icing by Jarred Tinordi.
15:04 of 1st period - Jean-Gabriel Pageau wins face-off versus Dawson Mercer in EDMONTON ICE zone.
16:16 of 1st period - Shot by Tim Stutzle.
16:16 of 1st period - Shot Blocked by Jarred Tinordi.
16:18 of 1st period - Shot by Dylan DeMelo.
16:18 of 1st period - Shot Blocked by Zach Whitecloud.
16:46 of 1st period - Shot by Scott Laughton.
16:46 of 1st period - Goal by Scott Laughton - BOISE CARIBOUS : 1 - EDMONTON ICE : 2.
16:47 of 1st period - Alex Tuch wins face-off versus Charlie Coyle in neutral zone.
17:14 of 1st period - Shot by Lawson Crouse.
17:14 of 1st period - Stopped by Vitek Vanecek with a rebound.
17:50 of 1st period - Shot by Nick Schmaltz.
17:50 of 1st period - Stopped by Vitek Vanecek without a rebound.
17:51 of 1st period - Jean-Gabriel Pageau wins face-off versus Thomas Novak in EDMONTON ICE zone.
18:50 of 1st period - Off-side.
18:51 of 1st period - Matt Duchene wins face-off versus Jack Eichel in neutral zone.
19:27 of 1st period - Shot by Matt Duchene.
19:27 of 1st period - Stopped by Vitek Vanecek without a rebound.
19:28 of 1st period - Jesperi Kotkaniemi wins face-off versus Thomas Novak in EDMONTON ICE zone.
Goals for this period are 1 for BOISE CARIBOUS vs 2 for EDMONTON ICE.
Shots for this period are 9 for BOISE CARIBOUS vs 10 for EDMONTON ICE.

2nd period


0:01 of 2nd period - Jean-Gabriel Pageau wins face-off versus Jack Eichel in neutral zone.
0:12 of 2nd period - Shot by Artturi Lehkonen.
0:12 of 2nd period - Deflect By Nick Schmaltz.
0:12 of 2nd period - Goal by Nick Schmaltz - BOISE CARIBOUS : 2 - EDMONTON ICE : 2.
0:13 of 2nd period - Vincent Trocheck wins face-off versus Thomas Novak in neutral zone.
0:20 of 2nd period - Shot by Vincent Trocheck.
0:20 of 2nd period - Shot Blocked by Michael Matheson.
0:27 of 2nd period - Off-side.
0:28 of 2nd period - Jack Eichel wins face-off versus Jean-Gabriel Pageau in neutral zone.
0:58 of 2nd period - Shot by Jack Eichel.
0:58 of 2nd period - Shot Misses the Net.
2:03 of 2nd period - Scott Laughton is hit by Lawson Crouse and loses puck.
2:08 of 2nd period - Shot by Lawson Crouse.
2:08 of 2nd period - Shot Blocked by Scott Laughton.
2:45 of 2nd period - Off-side.
2:46 of 2nd period - Vincent Trocheck wins face-off versus Anton Lundell in neutral zone.
2:57 of 2nd period - Shot by Vincent Trocheck.
2:57 of 2nd period - Shot Misses the Net.
2:59 of 2nd period - Shot by Tim Stutzle.
2:59 of 2nd period - Shot Blocked by Zach Whitecloud.
3:24 of 2nd period - Shot by Tim Stutzle.
3:24 of 2nd period - Shot Hit the Post.
3:26 of 2nd period - Shot by Tim Stutzle.
3:26 of 2nd period - Stopped by Vitek Vanecek without a rebound.
3:27 of 2nd period - Jack Eichel wins face-off versus Nick Schmaltz in EDMONTON ICE zone.
3:43 of 2nd period - Shot by Nick Schmaltz.
3:43 of 2nd period - Stopped by Vitek Vanecek with a rebound.
3:45 of 2nd period - Shot by Moritz Seider.
3:45 of 2nd period - Shot Misses the Net.
3:47 of 2nd period - Shot by Jean-Gabriel Pageau.
3:47 of 2nd period - Deflect By Artturi Lehkonen.
3:47 of 2nd period - Shot Blocked by Michael Matheson.
3:49 of 2nd period - Shot by Artturi Lehkonen.
3:49 of 2nd period - Shot Blocked by Shea Theodore.
3:51 of 2nd period - Shot by Moritz Seider.
3:51 of 2nd period - Shot Misses the Net.
4:29 of 2nd period - Shot by Kaapo Kakko.
4:29 of 2nd period - Stopped by Vitek Vanecek without a rebound.
4:30 of 2nd period - Vincent Trocheck wins face-off versus Thomas Novak in EDMONTON ICE zone.
4:43 of 2nd period - Shot by Tim Stutzle.
4:43 of 2nd period - Stopped by Vitek Vanecek without a rebound.
4:44 of 2nd period - Charlie Coyle wins face-off versus Dawson Mercer in EDMONTON ICE zone.
5:06 of 2nd period - Shot by Lawson Crouse.
5:06 of 2nd period - Stopped by Vitek Vanecek without a rebound.
5:07 of 2nd period - Thomas Novak wins face-off versus Vincent Trocheck in EDMONTON ICE zone.
5:16 of 2nd period - Shot by Tim Stutzle.
5:16 of 2nd period - Stopped by Vitek Vanecek without a rebound.
5:17 of 2nd period - Vincent Trocheck wins face-off versus Tanner Jeannot in EDMONTON ICE zone.
5:36 of 2nd period - Shot by Vincent Trocheck.
5:36 of 2nd period - Goal by Vincent Trocheck - BOISE CARIBOUS : 3 - EDMONTON ICE : 2.
5:37 of 2nd period - Jean-Gabriel Pageau wins face-off versus Thomas Novak in neutral zone.
5:48 of 2nd period - Shot by Nick Schmaltz.
5:48 of 2nd period - Stopped by Vitek Vanecek without a rebound.
5:49 of 2nd period - Jack Eichel wins face-off versus Vincent Trocheck in EDMONTON ICE zone.
6:04 of 2nd period - Icing by Alex Tuch.
6:05 of 2nd period - Jack Eichel wins face-off versus Jean-Gabriel Pageau in EDMONTON ICE zone.
6:14 of 2nd period - Shot by Artturi Lehkonen.
6:14 of 2nd period - Shot Blocked by Justin Barron.
6:40 of 2nd period - Shot by Jack Eichel.
6:40 of 2nd period - Goal by Jack Eichel - BOISE CARIBOUS : 3 - EDMONTON ICE : 3.
6:41 of 2nd period - Thomas Novak wins face-off versus Vincent Trocheck in neutral zone.
6:44 of 2nd period - Shot by Scott Laughton.
6:44 of 2nd period - Shot Misses the Net.
6:54 of 2nd period - Shot by Vincent Trocheck.
6:54 of 2nd period - Stopped by Vitek Vanecek without a rebound.
6:55 of 2nd period - Charlie Coyle wins face-off versus Anthony Mantha in EDMONTON ICE zone.
7:02 of 2nd period - Shot by Dawson Mercer.
7:02 of 2nd period - Shot Misses the Net.
7:04 of 2nd period - Shot by Zach Whitecloud.
7:04 of 2nd period - Stopped by Brian Elliott with a rebound.
7:18 of 2nd period - Shot by Dawson Mercer.
7:18 of 2nd period - Shot Blocked by Moritz Seider.
7:20 of 2nd period - Shot by Dawson Mercer.
7:20 of 2nd period - Stopped by Brian Elliott without a rebound.
7:21 of 2nd period - Vincent Trocheck wins face-off versus Thomas Novak in BOISE CARIBOUS zone.
7:25 of 2nd period - Icing by Tim Stutzle.
7:26 of 2nd period - Thomas Novak wins face-off versus Vincent Trocheck in BOISE CARIBOUS zone.
8:02 of 2nd period - Shot by Tim Stutzle.
8:02 of 2nd period - Shot Misses the Net.
8:48 of 2nd period - Shot by Alex Tuch.
8:48 of 2nd period - Stopped by Brian Elliott without a rebound.
8:49 of 2nd period - Jesperi Kotkaniemi wins face-off versus Dawson Mercer in BOISE CARIBOUS zone.
8:49 of 2nd period - Jesperi Kotkaniemi is hit by Jarred Tinordi.
8:52 of 2nd period - Icing by Kirill Marchenko.
8:53 of 2nd period - Jesperi Kotkaniemi wins face-off versus Jack Eichel in BOISE CARIBOUS zone.
9:28 of 2nd period - Shot by Kaapo Kakko.
9:28 of 2nd period - Shot Misses the Net.
9:40 of 2nd period - Shot by Jack Eichel.
9:40 of 2nd period - Stopped by Brian Elliott without a rebound.
9:41 of 2nd period - Jean-Gabriel Pageau wins face-off versus Dawson Mercer in BOISE CARIBOUS zone.
9:43 of 2nd period - Nick Schmaltz is hit by Jarred Tinordi and loses puck.
9:56 of 2nd period - Shot by Dawson Mercer.
9:56 of 2nd period - Shot Misses the Net.
10:00 of 2nd period - Shot by Anthony Beauvillier.
10:00 of 2nd period - Stopped by Brian Elliott without a rebound.
10:01 of 2nd period - Charlie Coyle wins face-off versus Thomas Novak in BOISE CARIBOUS zone.
10:21 of 2nd period - Shot by Thomas Novak.
10:21 of 2nd period - Shot Misses the Net.
10:24 of 2nd period - Scott Laughton is hit by Rasmus Dahlin and loses puck.
10:41 of 2nd period - Shot by Scott Laughton.
10:41 of 2nd period - Shot Misses the Net.
10:43 of 2nd period - Shot by Thomas Novak.
10:43 of 2nd period - Stopped by Brian Elliott without a rebound.
10:44 of 2nd period - Jean-Gabriel Pageau wins face-off versus Jack Eichel in BOISE CARIBOUS zone.
10:55 of 2nd period - Icing by Artturi Lehkonen.
10:56 of 2nd period - Jean-Gabriel Pageau wins face-off versus Dawson Mercer in BOISE CARIBOUS zone.
11:35 of 2nd period - Michael Matheson is hit by Jean-Gabriel Pageau and loses puck.
12:17 of 2nd period - Shot by Matt Duchene.
12:17 of 2nd period - Stopped by Vitek Vanecek without a rebound.
12:18 of 2nd period - Gabriel Vilardi wins face-off versus Jack Eichel in EDMONTON ICE zone.
13:02 of 2nd period - Minor Penalty to Rasmus Dahlin for Slashing.
13:03 of 2nd period - Dawson Mercer wins face-off versus Jean-Gabriel Pageau in BOISE CARIBOUS zone.
14:04 of 2nd period - Shot by Alex Tuch.
14:04 of 2nd period - Shot Misses the Net.
14:06 of 2nd period - Shot by Alex Tuch.
14:06 of 2nd period - Shot Hit the Post.
14:08 of 2nd period - Shot by Alex Tuch.
14:08 of 2nd period - Shot Misses the Net.
14:10 of 2nd period - Shot by Ryan Graves.
14:10 of 2nd period - Shot Misses the Net.
14:14 of 2nd period - Shot by Alex Tuch.
14:14 of 2nd period - Shot Misses the Net.
14:16 of 2nd period - Shot by Alex Tuch.
14:16 of 2nd period - Stopped by Brian Elliott without a rebound.
14:17 of 2nd period - Jean-Gabriel Pageau wins face-off versus Jack Eichel in BOISE CARIBOUS zone.
14:46 of 2nd period - Shot by Michael Matheson.
14:46 of 2nd period - Stopped by Brian Elliott without a rebound.
14:47 of 2nd period - Jean-Gabriel Pageau wins face-off versus Dawson Mercer in BOISE CARIBOUS zone.
14:47 of 2nd period - Artturi Lehkonen is hit by Scott Laughton and loses puck.
15:12 of 2nd period - Scott Laughton is hit by Marcus Pettersson and loses puck.
15:37 of 2nd period - Shot by Scott Laughton.
15:37 of 2nd period - Shot Blocked by Marcus Pettersson.
15:39 of 2nd period - Shot by Scott Laughton.
15:39 of 2nd period - Shot Misses the Net.
15:41 of 2nd period - Shot by Scott Laughton.
15:41 of 2nd period - Deflect By Thomas Novak.
15:41 of 2nd period - Shot Misses the Net.
15:53 of 2nd period - Shot by Anthony Beauvillier.
15:53 of 2nd period - Shot Misses the Net.
15:55 of 2nd period - Shot by Ryan Graves.
15:55 of 2nd period - Shot Blocked by Kirill Marchenko.
15:57 of 2nd period - Shot by Ryan Graves.
15:57 of 2nd period - Shot Misses the Net.
15:59 of 2nd period - Shot by Dawson Mercer.
15:59 of 2nd period - Shot Blocked by Moritz Seider.
16:03 of 2nd period - Shot by Dawson Mercer.
16:03 of 2nd period - Stopped by Brian Elliott without a rebound.
16:04 of 2nd period - Vincent Trocheck wins face-off versus Jack Eichel in BOISE CARIBOUS zone.
16:48 of 2nd period - Alex Tuch is hit by Troy Stecher and loses puck.
16:52 of 2nd period - Jack Eichel is hit by Dylan DeMelo and loses puck.
17:13 of 2nd period - Shot by Anthony Beauvillier.
17:13 of 2nd period - Shot Misses the Net.
17:14 of 2nd period - Minor Penalty to Troy Stecher for Roughing.
17:15 of 2nd period - Charlie Coyle wins face-off versus Dawson Mercer in BOISE CARIBOUS zone.
17:42 of 2nd period - Shot by Ryan Graves.
17:42 of 2nd period - Stopped by Brian Elliott with a rebound.
17:59 of 2nd period - Icing by Ryan Graves.
18:00 of 2nd period - Charlie Coyle wins face-off versus Dawson Mercer in EDMONTON ICE zone.
18:41 of 2nd period - Shot by Shea Theodore.
18:41 of 2nd period - Shot Blocked by Rasmus Dahlin.
18:43 of 2nd period - Shot by Jack Eichel.
18:43 of 2nd period - Shot Misses the Net.
18:45 of 2nd period - Shot by Alex Tuch.
18:45 of 2nd period - Shot Misses the Net.
Goals for this period are 2 for BOISE CARIBOUS vs 1 for EDMONTON ICE.
Shots for this period are 11 for BOISE CARIBOUS vs 11 for EDMONTON ICE.

3rd period


0:01 of 3rd period - Jean-Gabriel Pageau wins face-off versus Jack Eichel in neutral zone.
0:19 of 3rd period - Shot by Jack Eichel.
0:19 of 3rd period - Shot Blocked by Artturi Lehkonen.
0:56 of 3rd period - Icing by Ryan Graves.
0:57 of 3rd period - Charlie Coyle wins face-off versus Jack Eichel in EDMONTON ICE zone.
1:00 of 3rd period - Shot by Gabriel Vilardi.
1:00 of 3rd period - Shot Misses the Net.
1:02 of 3rd period - Shot by Moritz Seider.
1:02 of 3rd period - Stopped by Vitek Vanecek without a rebound.
1:03 of 3rd period - Vincent Trocheck wins face-off versus Thomas Novak in EDMONTON ICE zone.
1:26 of 3rd period - Shot by Vincent Trocheck.
1:26 of 3rd period - Shot Misses the Net.
1:40 of 3rd period - Thomas Novak is hit by Vincent Trocheck and loses puck.
2:12 of 3rd period - Shot by Anthony Beauvillier.
2:12 of 3rd period - Shot Misses the Net.
2:14 of 3rd period - Shot by Jarred Tinordi.
2:14 of 3rd period - Stopped by Brian Elliott with a rebound.
2:16 of 3rd period - Shot by Dawson Mercer.
2:16 of 3rd period - Stopped by Brian Elliott without a rebound.
2:17 of 3rd period - Jean-Gabriel Pageau wins face-off versus Gustav Nyquist in BOISE CARIBOUS zone.
3:37 of 3rd period - Shot by Lawson Crouse.
3:37 of 3rd period - Stopped by Vitek Vanecek without a rebound.
3:38 of 3rd period - Thomas Novak wins face-off versus Jesperi Kotkaniemi in EDMONTON ICE zone.
4:40 of 3rd period - Shot by Alex Tuch.
4:40 of 3rd period - Stopped by Brian Elliott with a rebound.
5:15 of 3rd period - Jean-Gabriel Pageau is hit by Ryan Graves and loses puck.
5:29 of 3rd period - Artturi Lehkonen is hit by Justin Barron and loses puck.
5:37 of 3rd period - Minor Penalty to Ryan Graves for Roughing.
5:38 of 3rd period - Vincent Trocheck wins face-off versus Anton Lundell in EDMONTON ICE zone.
5:41 of 3rd period - Shot by Tim Stutzle.
5:41 of 3rd period - Stopped by Vitek Vanecek with a rebound.
6:05 of 3rd period - Anton Lundell is hit by Vincent Trocheck and loses puck.
7:11 of 3rd period - Dawson Mercer is hit by Vincent Trocheck and loses puck.
7:42 of 3rd period - Shot by Kaapo Kakko.
7:42 of 3rd period - Shot Misses the Net.
7:47 of 3rd period - Minor Penalty to Joshua Mahura for Slashing.
7:48 of 3rd period - Anton Lundell wins face-off versus Jean-Gabriel Pageau in EDMONTON ICE zone.
8:11 of 3rd period - Shot by Scott Laughton.
8:11 of 3rd period - Shot Misses the Net.
8:30 of 3rd period - Icing by Jean-Gabriel Pageau.
8:31 of 3rd period - Jean-Gabriel Pageau wins face-off versus Anton Lundell in BOISE CARIBOUS zone.
8:35 of 3rd period - Off-side.
8:36 of 3rd period - Vincent Trocheck wins face-off versus Anton Lundell in neutral zone.
8:47 of 3rd period - Rasmus Dahlin is hit by Tanner Jeannot and loses puck.
9:08 of 3rd period - Jarred Tinordi is hit by Vincent Trocheck and loses puck.
9:17 of 3rd period - Shot by Tim Stutzle.
9:17 of 3rd period - Stopped by Vitek Vanecek without a rebound.
9:18 of 3rd period - Anton Lundell wins face-off versus Jean-Gabriel Pageau in EDMONTON ICE zone.
9:44 of 3rd period - Shot by Lawson Crouse.
9:44 of 3rd period - Shot Blocked by Ryan Graves.
9:46 of 3rd period - Shot by Rasmus Andersson.
9:46 of 3rd period - Stopped by Vitek Vanecek with a rebound.
10:39 of 3rd period - Troy Stecher is hit by Scott Laughton and loses puck.
11:16 of 3rd period - Icing by Dylan DeMelo.
11:17 of 3rd period - Jesperi Kotkaniemi wins face-off versus Jack Eichel in BOISE CARIBOUS zone.
11:17 of 3rd period - Jesperi Kotkaniemi is hit by Gustav Nyquist.
11:36 of 3rd period - Shot by Gustav Nyquist.
11:36 of 3rd period - Shot Misses the Net.
11:43 of 3rd period - Minor Penalty to Alex Tuch for Hooking.
11:44 of 3rd period - Anton Lundell wins face-off versus Vincent Trocheck in EDMONTON ICE zone.
12:55 of 3rd period - Shot by Jean-Gabriel Pageau.
12:55 of 3rd period - Stopped by Vitek Vanecek without a rebound.
12:56 of 3rd period - Scott Laughton wins face-off versus Jean-Gabriel Pageau in EDMONTON ICE zone.
13:02 of 3rd period - Icing by Lawson Crouse.
13:03 of 3rd period - Jean-Gabriel Pageau wins face-off versus Scott Laughton in BOISE CARIBOUS zone.
13:48 of 3rd period - Shot by Tim Stutzle.
13:48 of 3rd period - Shot Misses the Net.
15:10 of 3rd period - Shot by Scott Laughton.
15:10 of 3rd period - Stopped by Brian Elliott with a rebound.
16:02 of 3rd period - Shot by Anthony Beauvillier.
16:02 of 3rd period - Stopped by Brian Elliott without a rebound.
16:03 of 3rd period - Jesperi Kotkaniemi wins face-off versus Anton Lundell in BOISE CARIBOUS zone.
16:55 of 3rd period - Icing by Anton Lundell.
16:56 of 3rd period - Anton Lundell wins face-off versus Vincent Trocheck in EDMONTON ICE zone.
17:05 of 3rd period - Shot by Vincent Trocheck.
17:05 of 3rd period - Shot Misses the Net.
17:10 of 3rd period - Icing by Joshua Mahura.
17:11 of 3rd period - Anton Lundell wins face-off versus Lawson Crouse in EDMONTON ICE zone.
17:33 of 3rd period - Icing by Tanner Jeannot.
17:34 of 3rd period - Anton Lundell wins face-off versus Jean-Gabriel Pageau in EDMONTON ICE zone.
17:49 of 3rd period - Shot by Nick Schmaltz.
17:49 of 3rd period - Goal by Nick Schmaltz - BOISE CARIBOUS : 4 - EDMONTON ICE : 3.
17:50 of 3rd period - Vincent Trocheck wins face-off versus Thomas Novak in neutral zone.
17:55 of 3rd period - Shot by Vincent Trocheck.
17:55 of 3rd period - Deflect By Tim Stutzle.
17:55 of 3rd period - Stopped by Vitek Vanecek without a rebound.
17:56 of 3rd period - Thomas Novak wins face-off versus Vincent Trocheck in EDMONTON ICE zone.
18:31 of 3rd period - Shot by Thomas Novak.
18:31 of 3rd period - Shot Misses the Net.
18:33 of 3rd period - Shot by Scott Laughton.
18:33 of 3rd period - Shot Misses the Net.
18:35 of 3rd period - Shot by Shea Theodore.
18:35 of 3rd period - Shot Misses the Net.
18:37 of 3rd period - Shot by Thomas Novak.
18:37 of 3rd period - Stopped by Brian Elliott with a rebound.
19:10 of 3rd period - Shot by Gabriel Vilardi.
19:10 of 3rd period - Stopped by Vitek Vanecek without a rebound.
19:11 of 3rd period - Jean-Gabriel Pageau wins face-off versus Jack Eichel in EDMONTON ICE zone.
19:30 of 3rd period - EDMONTON ICE, Vitek Vanecek is pulled from the net.
19:30 of 3rd period - Shot by Jack Eichel.
19:30 of 3rd period - Stopped by Brian Elliott with a rebound.
19:32 of 3rd period - Shot by Jack Eichel.
19:32 of 3rd period - Stopped by Brian Elliott with a rebound.
19:34 of 3rd period - Shot by Jack Eichel.
19:34 of 3rd period - Deflect By Dawson Mercer.
19:34 of 3rd period - Stopped by Brian Elliott with a rebound.
19:36 of 3rd period - Shot by Jack Eichel.
19:36 of 3rd period - Stopped by Brian Elliott with a rebound.
19:38 of 3rd period - Shot by Alex Tuch.
19:38 of 3rd period - Shot Misses the Net.
19:40 of 3rd period - Shot by Jack Eichel.
19:40 of 3rd period - Goal by Jack Eichel - BOISE CARIBOUS : 4 - EDMONTON ICE : 4.
19:40 of 3rd period - Vitek Vanecek from EDMONTON ICE was sent back in the game.
19:41 of 3rd period - Anton Lundell wins face-off versus Jesperi Kotkaniemi in neutral zone.
Goals for this period are 1 for BOISE CARIBOUS vs 1 for EDMONTON ICE.
Shots for this period are 9 for BOISE CARIBOUS vs 11 for EDMONTON ICE.

Overtime #1


0:01 of 1st overtime period - Tim Stutzle wins face-off versus Jack Eichel in neutral zone.
0:14 of 1st overtime period - Shot by Artturi Lehkonen.
0:14 of 1st overtime period - Shot Misses the Net.
0:22 of 1st overtime period - Shot by Jack Eichel.
0:22 of 1st overtime period - Stopped by Brian Elliott without a rebound.
0:23 of 1st overtime period - Tim Stutzle wins face-off versus Jack Eichel in BOISE CARIBOUS zone.
0:28 of 1st overtime period - Shot by Tim Stutzle.
0:28 of 1st overtime period - Shot Blocked by Shea Theodore.
0:58 of 1st overtime period - Shot by Alex Tuch.
0:58 of 1st overtime period - Shot Hit the Post.
1:00 of 1st overtime period - Shot by Alex Tuch.
1:00 of 1st overtime period - Shot Misses the Net.
1:37 of 1st overtime period - Shot by Rasmus Andersson.
1:37 of 1st overtime period - Shot Blocked by Michael Matheson.
1:39 of 1st overtime period - Shot by Vincent Trocheck.
1:39 of 1st overtime period - Stopped by Vitek Vanecek without a rebound.
1:40 of 1st overtime period - Vincent Trocheck wins face-off versus Jack Eichel in EDMONTON ICE zone.
1:49 of 1st overtime period - Shot by Vincent Trocheck.
1:49 of 1st overtime period - Stopped by Vitek Vanecek with a rebound.
2:11 of 1st overtime period - Shot by Vincent Trocheck.
2:11 of 1st overtime period - Stopped by Vitek Vanecek without a rebound.
2:12 of 1st overtime period - Scott Laughton wins face-off versus Tim Stutzle in EDMONTON ICE zone.
2:30 of 1st overtime period - Off-side.
2:31 of 1st overtime period - Tim Stutzle wins face-off versus Jack Eichel in neutral zone.
2:36 of 1st overtime period - Shot by Artturi Lehkonen.
2:36 of 1st overtime period - Stopped by Vitek Vanecek without a rebound.
2:37 of 1st overtime period - Jack Eichel wins face-off versus Tim Stutzle in EDMONTON ICE zone.
2:52 of 1st overtime period - Shot by Jack Eichel.
2:52 of 1st overtime period - Deflect By Alex Tuch.
2:52 of 1st overtime period - Goal by Alex Tuch - BOISE CARIBOUS : 4 - EDMONTON ICE : 5.
Goals for this period are 0 for BOISE CARIBOUS vs 1 for EDMONTON ICE.
Shots for this period are 4 for BOISE CARIBOUS vs 2 for EDMONTON ICE.


BLAKE
WHEELER
STEVEN
STAMKOS
DREW
DOUGHTY

EAST COAST

HOCKEY LEAGUE

  • 63.RHI2PIT5
  • 64.WOR4ATL3
  • 65.QUECHW
  • 66.CHATRV